 Dungeon Crawl Stone Soup version 0.29-a0-582-ge82337ba6a (webtiles) character file.

Game seed: 862365592409489566

14360 Pooter the Cleaver (level 11, -9/95 (97) HPs)
             Began as a Minotaur Berserker on June 14, 2022.
             Was an Elder of Trog.
             Mangled by a sixfirhy (11 damage)
             ... summoned by an orc high priest
             ... on level 1 of the Orcish Mines.
             The game lasted 01:05:09 (12619 turns).

Pooter the Cleaver (Minotaur Berserker)            Turns: 12619, Time: 01:05:09

HP:   -9/95 (97)    AC: 13    Str: 25    XL:     11   Next: 87%
MP:   10/10         EV: 12    Int:  6    God:    Trog [****..]
Gold: 213           SH:  0    Dex: 19    Spells: 10/10 levels left

rFire   . . .      SeeInvis +   a - +2 war axe (vamp)
rCold   . . .      Faith    .   (no shield)
rNeg    . . .      Spirit   .   o - +5 scale mail "Dycras" {Dex+4}
rPois   .          Reflect  .   (helmet restricted)
rElec   .          Harm     .   (no cloak)
rCorr   .          Rampage  .   w - +0 pair of gloves
Will    .....                   K - +0 pair of boots
Stlth   ++........              N - amulet of regeneration
HPRegen 1.05/turn               S - ring of see invisible
MPRegen 0.12/turn               D - +6 ring of dexterity

@: on berserk cooldown, slowed, lightly drained, very slow
A: horns 2, retaliatory headbutt
a: Renounce Religion, Berserk, Trog's Hand, Brothers in Arms


You were on level 1 of the Orcish Mines.
You worshipped Trog.
Trog was greatly pleased with you.
You visited 2 branches of the dungeon, and saw 11 of its levels.

You collected 647 gold pieces.
You spent 434 gold pieces at shops.

Inventory:

Hand Weapons
 a - a +2 vampiric war axe (weapon)
   (You took it off a deep elf pyromancer on level 9 of the Dungeon)
 i - the +7 Throatcutter {drain, coup de grace}
   (You found it on level 7 of the Dungeon)

   A truly terrible weapon, it drains the life of any living foe it strikes.
   It may instantly kill foes which have little health.
 v - a +0 flail of holy wrath
   (You took it off a gnoll on level 5 of the Dungeon)
 I - a +5 falchion of freezing
   (You took it off a wight on level 9 of the Dungeon)
Missiles
 b - 9 poisoned darts
 j - 2 throwing nets {!f}
 p - 11 boomerangs (quivered)
 u - 6 silver boomerangs
 A - 3 datura-tipped darts
 B - 6 atropa-tipped darts
 C - 4 curare-tipped darts
 Q - 173 stones
Armour
 o - the +5 scale mail "Dycras" (worn) {Dex+4}
   (You found it on level 9 of the Dungeon)

   Dex:       It affects your dexterity (+4).
 s - a +0 plate armour
   (You found it on level 4 of the Dungeon)
 w - a +0 pair of gloves (worn)
   (You found it on level 5 of the Dungeon)
 K - a +0 pair of boots (worn)
   (You found it on level 8 of the Dungeon)
Jewellery
 D - a +6 ring of dexterity (right hand)
   (You took it off a centaur warrior on level 9 of the Dungeon)
 N - an amulet of regeneration (around neck)
   (You found it on level 10 of the Dungeon)
 S - a ring of see invisible (left hand)
   (You found it on level 4 of the Dungeon)
Wands
 d - a wand of iceblast (1)
   (You found it on level 6 of the Dungeon)
Scrolls
 e - 2 scrolls of summoning
 k - 2 scrolls of fear
 l - a scroll of noise {!r}
 r - a scroll of silence
 t - 3 scrolls of teleportation {@r4}
 x - 2 scrolls of poison {!r}
 y - 3 scrolls of magic mapping
 G - a scroll of fog
 H - a scroll of immolation {!r}
Potions
 c - 4 potions of curing {@q1}
 f - 2 potions of heal wounds {@q2}
 g - 3 potions of mutation {!q}
 m - 3 potions of lignification {!q}
 n - 2 potions of cancellation
 q - 2 potions of resistance {unknown}
 z - 2 potions of ambrosia
 E - a potion of haste {@q3}
 F - a potion of magic {unknown}
 J - 3 potions of flight {unknown}
 M - a potion of might
 O - a potion of brilliance {unknown}
 P - a potion of attraction {unknown}
Miscellaneous
 h - a box of beasts
   (You found it on level 9 of the Dungeon)
 L - a tin of tremorstones (inert)
   (You found it on level 9 of the Dungeon)


   Skills:
 + Level 9.1 Fighting
 + Level 12.4 Long Blades
 * Level 12.5 Axes
 - Level 5.2 Throwing
 - Level 2.4 Armour
 - Level 4.4 Dodging
 - Level 5.2 Stealth
 - Level 5.8 Evocations


You had 10 spell levels left.
You didn't know any spells.
Your spell library was empty.

Dungeon Overview and Level Annotations

Branches:
Dungeon (10/15)            Temple (0/1) D:5            Lair (0/6) D:8
    Orc (1/2) D:10

Altars:
Hepliaklqana
Vehumet
Wu Jian
Xom
The Shining One

Shops:
D:8 ?*?*


Innate Abilities, Weirdness & Mutations

You have a pair of horns on your head.
You reflexively headbutt those who attack you in melee.


Message History

The orc closely misses you. The orc hits you but does no damage.
The orc hits you with a +0 whip of draining.
* * * LOW HITPOINT WARNING * * *
You feel drained.
* * * LOW HITPOINT WARNING * * *
The orc hits you but does no damage.
As you read the scroll of fear, it crumbles to dust.
You assume a fearsome visage.
The orc warrior looks frightened!
The orc looks frightened! x2; The orc priest looks frightened!
The orc looks frightened!
The orc priest looks frightened!
The orc looks frightened!
The orc wizard looks frightened!
The orc high priest looks frightened!
The sixfirhy resists with almost no effort.
The orc priest looks frightened!
The orc warrior looks frightened!
The ogre looks frightened!
The orc looks frightened!
You feel sick.
The ogre enters a dispersal trap!
The orc high priest blinks!
The orc blinks!
The orc priest blinks! x3; The orc blinks!
The orc wizard blinks!
The orc warrior blinks!
The sixfirhy blinks!
The orc warrior blinks!
The orc blinks! x2; The sixfirhy blinks!
You blink.
You feel sick. The sixfirhy attacks as you move away! The sixfirhy hits you.
* * * LOW HITPOINT WARNING * * *
The sixfirhy shocks you!
* * * LOW HITPOINT WARNING * * *
You feel sick.
The sixfirhy closely misses you. x2; The sixfirhy hits you.
* * * LOW HITPOINT WARNING * * *
The sixfirhy shocks you!
* * * LOW HITPOINT WARNING * * *
The ogre yells at you, "GO AWAY!"
The orc priest looks encouraged for a moment.
Okay, then.
You feel much better.
You feel sick.
The sixfirhy hits you but does no damage.
The sixfirhy barely misses you. The sixfirhy hits you!
* * * LOW HITPOINT WARNING * * *
The sixfirhy shocks you!
* * * LOW HITPOINT WARNING * * *
The sixfirhy completely misses you. The sixfirhy barely misses you.
You feel sick.
You are no longer poisoned.
The sixfirhy barely misses you.
The sixfirhy hits you but does no damage. x2
The sixfirhy barely misses you. You furiously retaliate!
You headbutt the sixfirhy!
The sixfirhy hits you but does no damage.
Unknown command.
The sixfirhy attacks as you move away! The sixfirhy hits you!
* * * LOW HITPOINT WARNING * * *
The sixfirhy shocks you!
You die...

##..o..##§#.#
#....)^...§#
......$....#
........<.#
.#.#....o3##
..>....#)).#
........o.##
...........####
.......3@.#.o.#.##
........3#.......#
...................
...................
.........#.#...#...
...#.#.######...#..
......# ...# .
#.##.# #.#. # ##
###.


You could see a sun demon (summoned), 2 sixfirhies, an orc warrior and an orc
priest.

Vanquished Creatures
  2 centaur warriors (D:9)
  6 two-headed ogres
  A deep elf pyromancer (D:9)
  An ugly thing (D:9)
  A cyclops (D:9)
  A manticore (D:9)
  A kobold demonologist (D:7)
  Psyche (D:9)
  A troll (D:10)
  A hornet (D:10)
  A slime creature (D:9)
  A jumping spider (shapeshifter) (D:9)
  5 yaks
  4 wyverns (D:8)
  A basilisk (D:8)
  4 steam dragons
  Menkaure (D:4)
  An acid dragon (D:9)
  6 water moccasins
  A sky beast (D:8)
  A swamp drake (D:10)
  4 orc warriors
  A black bear (D:8)
  An ogre (D:5)
  2 wolves
  7 centaurs
  2 phantoms
  5 kobold brigands
  2 necrophages
  2 bullfrogs
  8 wights
  6 killer bees (D:9)
  An electric eel (D:7)
  4 howler monkeys (D:9)
  4 hounds (D:5)
  A gnoll shaman (D:5)
  4 orc priests
  2 jellies
  Jessica (D:2)
  Terence (D:2)
  4 iguanas
  14 orc wizards
  7 adders
  8 gnolls
  4 white imps
  An ufetubus (D:6)
  2 dart slugs
  3 worms
  59 orcs
  5 ball pythons
  7 bats
  8 endoplasms
  5 giant cockroaches
  11 goblins
  4 hobgoblins
  7 jackals
  8 kobolds
  5 quokkas
  4 frilled lizards
  9 rats
275 creatures vanquished.

Vanquished Creatures (collateral kills)
  An orc wizard (D:7)
  An orc (D:7)
2 creatures vanquished.

Vanquished Creatures (others)
  18 fungi
  18 plants (D:8)
36 creatures vanquished.

Grand Total: 313 creatures vanquished

Notes
Turn   | Place    | Note
-------+----------+-------------------------------------------
     0 | D:1      | Pooter the Minotaur Berserker began the quest for the Orb.
     0 | D:1      | Reached XP level 1. HP: 19/19 MP: 0/0
    89 | D:1      | Reached XP level 2. HP: 16/27 MP: 1/1
   364 | D:1      | Reached XP level 3. HP: 33/33 MP: 2/2
   564 | D:1      | Reached ** piety under Trog
   565 | D:1      | Reached skill level 1 in Stealth
   912 | D:2      | Noticed Jessica
   916 | D:2      | Killed Jessica
   917 | D:2      | Reached XP level 4. HP: 40/40 MP: 3/3
  1528 | D:2      | Noticed Terence
  1537 | D:2      | Killed Terence
  1538 | D:2      | Reached skill level 5 in Axes
  1794 | D:2      | Found a faded altar of an unknown god.
  1970 | D:2      | Reached XP level 5. HP: 47/47 MP: 4/4
  2843 | D:4      | Reached *** piety under Trog
  2951 | D:4      | Noticed Menkaure
  2956 | D:4      | Killed Menkaure
  2957 | D:4      | Reached skill level 1 in Throwing
  2957 | D:4      | Reached XP level 6. HP: 26/55 MP: 5/5
  3170 | D:4      | Reached skill level 5 in Fighting
  3704 | D:5      | Entered Level 5 of the Dungeon
  3859 | D:5      | Reached XP level 7. HP: 39/61 MP: 6/6
  3995 | D:5      | Found an ornate altar of the Wu Jian Council.
  3995 | D:5      | Found a hazy altar of Hepliaklqana.
  4083 | D:5      | Found a staircase to the Ecumenical Temple.
  4578 | D:6      | You fall into a shaft and drop 3 floors!
  4637 | D:8      | Reached skill level 1 in Evocations
  4692 | D:8      | Reached XP level 8. HP: 70/70 MP: 7/7
  4708 | D:8      | Found Tijap's General Store.
  4713 | D:8      | Bought a scroll of identify for 24 gold pieces
  5227 | D:8      | Reached XP level 9. HP: 78/78 MP: 8/8
  5488 | D:8      | Found Ticugiva's Magic Scroll Shoppe.
  5490 | D:8      | Noticed a two-headed ogre
  5492 | D:8      | Bought a scroll of magic mapping for 56 gold pieces
  5492 | D:8      | Bought a scroll of fear for 56 gold pieces
  5492 | D:8      | Bought a scroll of identify for 32 gold pieces
  5492 | D:8      | Bought a scroll of identify for 32 gold pieces
  5949 | D:7      | Found a radiant altar of Vehumet.
  6276 | D:7      | Reached skill level 10 in Axes
  7729 | D:7      | Reached skill level 5 in Stealth
  7754 | D:7      | Reached skill level 5 in Throwing
  7812 | D:7      | Found a shimmering altar of Xom.
  7817 | D:7      | Found a shimmering altar of Xom.
  7817 | D:7      | Found a shimmering altar of Xom.
  8010 | D:7      | Found the +7 Throatcutter {drain, coup de grace}
  8010 | D:7      | Noticed a kobold demonologist
  8018 | D:7      | Noticed an orange demon
  8023 | D:7      | Noticed a rust devil
  8025 | D:7      | Killed a kobold demonologist
  8032 | D:7      | Reached XP level 10. HP: 40/88 MP: 9/9
  8370 | D:7      | Found a glowing golden altar of the Shining One.
  8618 | D:7      | Reached skill level 1 in Long Blades
  8997 | D:8      | Found Gaegh's Assorted Antiques.
  9006 | D:8      | Bought a wand of iceblast (4) for 72 gold pieces
  9006 | D:8      | Bought a scroll of identify for 36 gold pieces
  9042 | D:8      | Killed a two-headed ogre
  9043 | D:8      | Reached skill level 5 in Long Blades
  9294 | D:8      | Found Wedoipn's Magic Scroll Shoppe.
  9302 | D:8      | Bought a scroll of magic mapping for 49 gold pieces
  9302 | D:8      | Bought a scroll of identify for 28 gold pieces
  9302 | D:8      | Bought a scroll of immolation for 49 gold pieces
  9329 | D:8      | Found a staircase to the Lair.
  9987 | D:9      | Noticed a two-headed ogre
  9993 | D:9      | Killed a two-headed ogre
 10479 | D:9      | Noticed a centaur warrior
 10479 | D:9      | Noticed a red ugly thing
 10482 | D:9      | Noticed a two-headed ogre
 10486 | D:9      | Killed a two-headed ogre
 10487 | D:9      | Reached skill level 10 in Long Blades
 10487 | D:9      | Killed a centaur warrior
 10487 | D:9      | Noticed a cyclops
 10488 | D:9      | Reached XP level 11. HP: 78/94 MP: 10/10
 10488 | D:9      | Noticed a deep elf pyromancer
 10492 | D:9      | Killed a red ugly thing
 10493 | D:9      | Reached skill level 5 in Evocations
 10606 | D:9      | Noticed a two-headed ogre
 10617 | D:9      | Killed a two-headed ogre
 10706 | D:9      | Killed a deep elf pyromancer
 11193 | D:9      | Identified the +5 scale mail "Dycras" {Dex+4}
 11301 | D:9      | Noticed a centaur warrior
 11555 | D:9      | Killed a centaur warrior
 11917 | D:10     | Entered Level 10 of the Dungeon
 11917 | D:10     | Noticed Psyche
 11931 | D:9      | Killed Psyche
 12206 | D:10     | Noticed a two-headed ogre
 12217 | D:10     | Killed a two-headed ogre
 12466 | D:10     | Noticed a two-headed ogre
 12479 | D:10     | Killed a two-headed ogre
 12522 | D:10     | Reached **** piety under Trog
 12550 | D:10     | Found a staircase to the Orcish Mines.
 12581 | Orc:1    | Entered Level 1 of the Orcish Mines
 12581 | Orc:1    | Noticed an orc high priest
 12604 | Orc:1    | Noticed a sixfirhy
 12605 | Orc:1    | Noticed a sun demon
 12606 | Orc:1    | Noticed a sixfirhy
 12616 | Orc:1    | HP: 2/95 [sixfirhy[an orc high priest] (9)]
 12619 | Orc:1    | Mangled by a sixfirhy

Illustrated notes

Levels and vault maps discovered:
D:1:      psy_arrival_statuary, layout_rooms
D:2:      cheibrodos_helix_gallery, layout_loops_corners,
          shapermc_ecumenical_altar_petra, uniq_terence, uniq_jessica
D:3:      layout_rooms
D:4:      layout_basic, uniq_menkaure
D:5:      layout_loops_cross, gammafunk_temple_overflow_pools,
          minmay_temple_entry_stoned_glass
D:6:      layout_loops_ring, nicolae_overflow_hidden_temple, serial_aquarium,
          aquarium_bridge_straight [aquarium_subvault_bridge,
          aquarium_subvault_wall, aquarium_subvault_bridge,
          aquarium_subvault_wall], aquarium_bridge_long_joined
          [aquarium_subvault_wall, aquarium_subvault_balcony,
          aquarium_subvault_wall, aquarium_subvault_wall,
          aquarium_subvault_wall, aquarium_subvault_bridge],
          aquarium_window_fake, aquarium_window_1, aquarium_window_3,
          aquarium_window_1, aquarium_view_2d, aquarium_view_2a, aquarium_pool_2
D:7:      layout_basic, nicolae_overflow_squiral, xom_redecorated,
          dilly_guarded_unrand_throatcut
D:8:      layout_basic, minmay_lair_entry_grove, serial_shops,
          nicolae_shop_behind_doors, nicolae_shop_statue_plus, shop,
          nicolae_shop_crystal, st_stairs_9, kennysheep_path_1
D:9:      minmay_the_grid_triangle_9x9_rhombus_thin_mashed
          [minmay_the_grid_triangle_9x9_pentomino_pain,
          minmay_the_grid_triangle_9x9_prize_center,
          minmay_the_grid_triangle_9x9_sparse_checkered,
          minmay_the_grid_triangle_9x9_thin_v], layout_cave_pods
D:10:     layout_basic, erik_orc_1, enter_trove_5, uniq_psyche
Orc:1:    layout_caves

Skill      XL: |  1  2  3  4  5  6  7  8  9 10 11 |
---------------+----------------------------------+-----
Axes           | 4 5 6 7 9 10 12 | 12.5
Fighting       | 4 5 6 8 9 |  9.1
Stealth        | 1 2 3 4 5 |  5.2
Dodging        | 3 4 |  4.4
Throwing       | 1 2 3 5 |  5.2
Evocations     | 1 2 4 5 |  5.8
Long Blades    | 10 12 | 12.4
Armour         | |  2.4

Action                   |  1- 3 |  4- 6 |  7- 9 | 10-12 || total
-------------------------+-------+-------+-------+-------++-------
Melee: Hand axe          |    61 |    29 |       |       ||    90
       Headbutt          |    11 |    19 |    24 |    39 ||    93
       Trident           |       |   126 |     8 |       ||   134
       War axe           |       |       |   199 |   107 ||   306
       Punch             |       |       |     3 |     3 ||     6
       Long sword        |       |       |       |    83 ||    83
       Unarmed           |       |       |       |     2 ||     2
Throw: Stone             |    58 |    66 |       |       ||   124
       Dart              |       |     5 |     1 |     4 ||    10
       Boomerang         |       |    12 |    36 |    49 ||    97
Invok: Berserk           |     2 |     4 |     6 |     5 ||    17
       Trog's Hand       |       |     4 |    12 |    15 ||    31
Evoke: Wand              |       |       |     1 |    16 ||    17
       Tin of tremorston |       |       |       |     2 ||     2
  Use: Scroll            |     4 |     4 |     8 |     6 ||    22
       Potion            |       |       |       |     2 ||     2
 Stab: Sleeping          |     1 |       |       |       ||     1
       Invisible         |       |       |       |     2 ||     2
Armor: Animal skin       |    17 |    13 |       |       ||    30
       Chain mail        |       |    39 |       |       ||    39
       Plate armour      |       |     6 |   109 |    81 ||   196
       Scale mail        |       |       |       |    48 ||    48
Dodge: Dodged            |    28 |    56 |    91 |   133 ||   308

Table legend: (Time is in decaauts)
 A = Elapsed time spent in this place.
 B = Non-inter-level travel time spent in this place.
 C = Inter-level travel time spent in this place.
 D = Time resting spent in this place.
 E = Time spent auto-exploring this place.
 F = Levels seen in this place.
 G = Mean time per level.
                   A        B        C        D        E       F      G
               +--------+--------+--------+--------+--------+-----+--------+
         Total |  12825 |  12501 |    324 |   3083 |   6881 |  11 | 1165.9 |
       Dungeon |  12798 |  12474 |    324 |   3083 |   6881 |  10 | 1279.8 |
  Orcish Mines |     27 |     27 |      0 |      0 |      0 |   1 |   27.0 |
               +--------+--------+--------+--------+--------+-----+--------+

Top non-repeatable levels by time:
     D:7: 2478 daAuts
     D:8: 2049 daAuts
     D:9: 1948 daAuts
     D:2: 1276 daAuts
     D:6: 1120 daAuts
     D:1: 934 daAuts
     D:4: 895 daAuts
     D:5: 856 daAuts
     D:3: 698 daAuts
    D:10: 539 daAuts
   Orc:1: 27 daAuts
